 Dungeon Crawl Stone Soup version 0.25-a0-565-g8875c97ebb (webtiles) character file.

Game seed: 10514065901750835963, levelgen mode: classic

17 EnegeticOcto the Covered (level 2, -12/28 HPs)
             Began as a Deep Dwarf Fighter on Feb 26, 2020.
             Mangled by an ogre
             ... wielding a +0 giant spiked club
              (13 damage)
             ... on level 4 of the Dungeon.
             The game lasted 00:00:23 (519 turns).

EnegeticOcto the Covered (Deep Dwarf Fighter)        Turns: 519, Time: 00:00:24

Health: -12/28     AC:  6    Str: 19    XL:     2   Next: 44%
Magic:  2/2        EV:  7    Int:  8    God:
Gold:   21         SH:  9    Dex: 12    Spells: 1/1 levels left

rFire    . . .     SeeInvis .   g - +3 hand axe (vorpal)
rCold    . . .     Gourm    .   c - +0 kite shield
rNeg     . . .     Faith    .   b - +0 scale mail
rPois    .         Spirit   .   (no helmet)
rElec    .         Reflect  .   (no cloak)
rCorr    .         Harm     .   (no gloves)
MR       .....                  (no boots)
Stlth    ..........             (no amulet)
HPRegen  0.00/turn              (no ring)
MPRegen  0.08/turn              (no ring)

@: non-regenerating
A: damage resistance, heal wounds, sense surroundings 1, no regeneration
a: Heal Wounds


You were on level 4 of the Dungeon.
You were not hungry.

You visited 1 branch of the dungeon, and saw 4 of its levels.

You collected 21 gold pieces.

Inventory:

Hand Weapons
 g - a +3 vorpal hand axe (weapon)
Armour
 b - a +0 scale mail (worn)
 c - a +0 kite shield (worn)
Scrolls
 f - 2 scrolls of teleportation {unknown}
 h - a scroll of fear {unknown}
Potions
 i - 2 potions of curing {unknown}
 j - a potion of resistance {unknown}
 k - 2 potions of might {@q3}
Comestibles
 d - 5 chunks of flesh
 e - a ration


   Skills:
 * Level 3.0 Fighting
 * Level 2.6 Axes
 + Level 3.4 Armour
 + Level 0.6 Dodging
 + Level 3.4 Shields


You had one spell level left.
You didn't know any spells.
Your spell library was empty.

Dungeon Overview and Level Annotations

Branches:
Dungeon (4/15)
 Temple: D:4-7

Altars:
Ru


Innate Abilities, Weirdness & Mutations

You are resistant to damage.
You can heal yourself by infusing magical energy.
You passively map a small area around you.
You do not regenerate.


Message History

(D) Dungeon
Where to? (Enter - D:2, ? - help)
Found a fizzy puce potion.
A rat comes into view.
A rat is nearby!
There is a stone staircase leading down here.
Found 9 gold pieces.
The rat bites you but does no damage.
You hit the rat.
You kill the rat!
No target in view!
No target in view!
No target in view!
No target in view!
No target in view!
No target in view!
No target in view!
j - a fizzy puce potion No target in view!
No target in view!
l - a scroll labeled ITTEILAIVEYT
(D) Dungeon
Where to? (Enter - D:3, ? - help)
There is a stone staircase leading down here.
You climb downwards.
There is a stone staircase leading up here.
A ball python comes into view.
The ball python hisses angrily.
The ball python moves out of view.
The ball python is too close now for your liking.
The ball python bites you. The ball python grabs you.
The ball python constricts you.
You slash the ball python!
You kill the ball python!
No target in view!
No target in view!
No target in view!
No target in view!
No target in view!
No target in view!
No target in view!
Found a stone staircase leading down.
Some of the chunks of flesh in your inventory have rotted away.
An adder comes into view.
The adder hisses angrily.
An adder is nearby!
An adder is nearby!
You block the adder's attack.
You barely miss the adder. You block the adder's attack.
The adder barely misses you.
You hit the adder.
The adder is lightly wounded.
The adder bites you but does no damage.
You hit the adder.
The adder is heavily wounded.
The adder bites you. You block the adder's attack.
You hit the adder.
You kill the adder!
Your Fighting skill increases to level 3!
You have reached level 2!
(D) Dungeon
Where to? (Enter - D:3, ? - help)
There is a stone staircase leading down here.
You climb downwards.
You hear the hiss of flowing sand.
There is an entrance to an ossuary on this level.
Hurry and find it before the portal is buried!
There is a stone staircase leading up here.
An ogre comes into view. It is wielding a +0 giant spiked club.
The ogre shouts!
An ogre is nearby!
An ogre is nearby!
As you read the scroll labeled ITTEILAIVEYT, it crumbles to dust.
It is a scroll of enchant weapon.
Your +2 vorpal hand axe glows red for a moment.
Drop what? 11/52 slots (_ for help) (? for menu, Esc to quit)
You drop a +0 war axe.
You slash the ogre!
The ogre is moderately wounded.
You block the ogre's attack.
You completely miss the ogre.
The ogre is moderately wounded.
The ogre hits you with a +0 giant spiked club.
You hit the ogre.
The ogre is heavily wounded.
The ogre hits you with a +0 giant spiked club!!
Ouch! That really hurt!
* * * LOW HITPOINT WARNING * * *
You are too injured to fight recklessly!
You are too injured to fight recklessly!
You are too injured to fight recklessly!
You are too injured to fight recklessly!
You are too injured to fight recklessly!
You are too injured to fight recklessly!
You are too injured to fight recklessly!
You are too injured to fight recklessly!
You are too injured to fight recklessly!
You are too injured to fight recklessly!
You fail to use your ability.
The ogre hits you with a +0 giant spiked club!
You die...

,, * * ,,, ,, .*
* , .. *
###########.##
#.......$....#≈≈
≈ #............+
* ,
#.....#O#.#..+ *
#...).@......# *
* #.....#.#.#..#
#............. ≈
##.....#.#.#...
#............##
, #.........####
* #.#########
#.# #.#


You could see an ogre.

Vanquished Creatures
  An adder (D:3)
  A ball python (D:3)
  A goblin (D:1)
  2 hobgoblins (D:2)
  2 frilled lizards
  A rat (D:2)
8 creatures vanquished.

Notes
Turn   | Place    | Note
-------+----------+-------------------------------------------
     0 | D:1      | EnegeticOcto the Deep Dwarf Fighter began the quest for the
                  | Orb.
     0 | D:1      | Reached XP level 1. HP: 20/20 MP: 1/1
   342 | D:2      | Found a sacrificial altar of Ru.
   464 | D:3      | Reached XP level 2. HP: 23/28 MP: 2/2
   511 | D:4      | Noticed an ogre
   518 | D:4      | HP: 1/28 [ogre/+0 giant spiked club (18)]
   519 | D:4      | Mangled by an ogre

Levels and vault maps discovered:
D:1:      dpeg_arrival_concentric_ovals, layout_loops_corners,
          minmay_misc_feat_x
D:2:      layout_loops_ring, lemuel_coloured_pillars_altar,
          nicolae_ru_path_of_blood, first_ration,
          nicolae_gozag_cash_rules_everything_around_me
D:3:      layout_basic, grunt_dithmenos_smoke_and_mirrors, uniq_terence
D:4:      layout_basic, chequers_ossuary_entry_cave, serial_glass,
          glass_columns_a, glass_columns_c, glass_columns_a, glass_columns_a,
          glass_columns_c, glass_columns_b, kennysheep_generic_room_3

Skill      XL: |  1 |
---------------+----+-----
Fighting       | 3 |  3.0
Axes           | |  2.6
Armour         | |  3.4
Dodging        | |  0.6
Shields        | |  3.4

Action                   || total
-------------------------++-------
Melee: War axe           ||    13
       Hand axe          ||    13
  Use: Scroll            ||     1
Armor: Scale mail        ||    10
Dodge: Dodged            ||     7
Block: Kite shield       ||    11

Table legend:
 A = Non-vault XP
 B = Vault XP
 C = Vault XP percentage of total XP
 D = Non-vault monster count
 E = Vault monster count
 F = Vault count percentage of total count
                 A         B        C        D         E       F
            +---------+---------+-------+---------+---------+-------
      Total |      25 |       0 |   0.0 |       8 |       0 |   0.0
            +---------+---------+-------+---------+---------+-------
        D:1 |       3 |       0 |   0.0 |       2 |       0 |   0.0
        D:2 |       6 |       0 |   0.0 |       4 |       0 |   0.0
        D:3 |      16 |       0 |   0.0 |       2 |       0 |   0.0
            +---------+---------+-------+---------+---------+-------
